 Dungeon Crawl Stone Soup version 0.31-a0-810-ga77100ea1a (webtiles) character file.

Game seed: 8838520337726932709

7157 thirtiethelement the Covert (level 10, -12/71 HPs)
             Began as a Demonspawn Enchanter on Sept 21, 2023.
             Was a High Priest of Okawaru.
             Engulfed by a cloud of freezing vapour (21 damage)
             ... on level 10 of the Dungeon.
             The game lasted 00:36:16 (9645 turns).

thirtiethelement the Covert (Demonspawn Enchanter)  Turns: 9645, Time: 00:36:16

Health: -12/71     AC:  7    Str:  8    XL:     10   Next: 86%
Magic:  25/27      EV: 14    Int: 21    God:    Okawaru [*****.]
Gold:   209        SH:  4    Dex: 16    Spells: 10/20 levels left

rFire   + . .        y - +2 dagger (venom)
rCold   . . .        (no shield)
rNeg    + . .        k - +1 robe of Dim Light {Rampage rF+ SInv}
rPois   .            (helmet restricted)
rElec   .            (no cloak)
rCorr   .            s - +2 pair of gloves
SInv    +            b - +0 pair of boots
Will    .....        (no amulet)
Stlth   ++++         g - ring of magical power
HPRegen 0.31/turn    h - ring of positive energy
MPRegen 0.20/turn

%: rampage
@: on blink cooldown
A: condensation shield, weakness stinger 2, horns 1, clever 1, sense
surroundings 1
a: Renounce Religion, Heroism, Finesse, Duel


You were on level 10 of the Dungeon.
You worshipped Okawaru.
Okawaru was extremely pleased with you.
You visited 1 branch of the dungeon, and saw 10 of its levels.
You also visited: Sewer and Bailey.

You collected 492 gold pieces.
You spent 283 gold pieces at shops.

Inventory:

Hand Weapons
 o - the +0 war axe "Fuet" {spect, rN+ Int+4 Stlth+}
   (You found it on level 5 of the Dungeon)

   Int+4:     It affects your intelligence (+4).
   rN+:       It protects you from negative energy.
   Stlth+:    It makes you more stealthy.
 y - a +2 dagger of venom (weapon)
 H - a +2 dagger of draining
Missiles
 a - a throwing net
 J - a datura-tipped dart
 L - 18 boomerangs (quivered)
 M - 5 curare-tipped darts
 N - 8 atropa-tipped darts
Armour
 b - a +0 pair of boots (worn)
 k - the +1 robe of Dim Light (worn) {Rampage rF+ SInv}
   (You found it on level 2 of the Dungeon)

   rF+:       It protects you from fire.
   SInv:      It lets you see invisible.
   Rampage:   It bestows one free step when moving towards enemies.
 m - a +0 helmet
 s - a +2 pair of gloves (worn)
Jewellery
 e - an amulet of faith
 g - a ring of magical power (left hand)
 h - a ring of positive energy (right hand)
 D - a ring of positive energy
Talismans
 j - a flux talisman
Wands
 x - a wand of digging (6)
 K - a wand of polymorph (4)
 O - a wand of iceblast (28)
Scrolls
 l - a scroll of revelation
 p - a scroll of teleportation
 q - 2 scrolls of fear
 t - 2 scrolls of silence
 C - a scroll of amnesia
 Q - a scroll of fog
Potions
 c - 3 potions of invisibility
 d - a potion of attraction
 f - 3 potions of curing
 n - 2 potions of berserk rage
 r - a potion of ambrosia
 v - a potion of magic
 w - 2 potions of brilliance
 z - a potion of resistance
 A - a potion of mutation
 B - 3 potions of enlightenment
 F - a potion of lignification
 G - a potion of might


   Skills:
 + Level 3.9 Fighting
 + Level 5.5 Short Blades
 + Level 0.7 Throwing
 + Level 4.4 Dodging
 + Level 9.5 Stealth
 + Level 2.1 Shields
 + Level 5.8 Spellcasting
 + Level 7.0 Hexes
 + Level 0.4 Translocations
 + Level 5.5 Ice Magic


You had 10 spell levels left.
You knew the following spells:

 Your Spells              Type           Power      Damage    Failure   Level
a - Ensorcelled Hibernat  Hex/Ice        64%        N/A       1%          2
b - Tukima's Dance        Hex            35%        N/A       1%          3
c - Blink                 Tloc           16%        N/A       13%         2
d - Confusing Touch       Hex            35%        N/A       1%          3

Your spell library contained the following spells:

 Spells                   Type           Power      Damage    Failure   Level
 Jinxbite                 Hex            70%        N/A       1%          2
 Dazzling Flash           Conj/Hex       42%        N/A       7%          3
 Lesser Beckoning         Tloc           16%        N/A       13%         2
 Momentum Strike          Conj/Tloc      14%        3d8       14%         2
 Sublimation of Blood     Necr           6%         N/A       16%         2
 Anguish                  Hex/Necr       10%        N/A       22%         4
 Olgreb's Toxic Radiance  Pois           6%         N/A       69%         4
 Petrify                  Tmut/Erth      6%         N/A       69%         4
 Irradiate                Conj/Tmut      3%         3d12      95%         5
 Discord                  Hex            17%        N/A       100%        8
 Ignition                 Fire           3%         3d4       100%        8


Dungeon Overview and Level Annotations

Branches:
Dungeon (10/15)            Temple (0/1) D:4            Lair (0/5) D:10
  Sewer (visited)          Bailey (visited)
    Orc: D:9-12

Altars:
Dithmenos
Okawaru

Shops:
D:1 :!   D:6 !


Innate Abilities, Weirdness & Mutations

A meltable shield of frost defends you. (SH +4)
You have a tail ending in a sharp stinger.
You have a pair of small horns on your head.
Your mind is acute. (Int +4, Str/Dex -1)
You passively map a small area around you.


Message History

You tail-slap the kobold, but do no damage.
The kobold is severely wounded.
You kill the kobold!
You hit the kobold.
You kill the kobold!
Things that are here:
a +0 club; a +0 whip; a kobold corpse
Items here: ( )) †.
Things that are here:
a +0 club; a +0 whip; a kobold corpse
Things that are here:
a +0 short sword; a +0 dagger; 7 poisoned darts
Things that are here:
a +0 club; a +0 whip; a kobold corpse You open the door.
There is an open door here.
You are engulfed in freezing vapours.
There is an open door here.
You are engulfed in freezing vapours.
You are engulfed in freezing vapours.
You are engulfed in freezing vapours.
* * * LOW HITPOINT WARNING * * *
Okay, then.
You feel much better.
You are engulfed in freezing vapours.
* * * LOW HITPOINT WARNING * * *
Okay, then.
Okay, then.
Casting: Ensorcelled Hibernation (safe; 1% risk of failure)
Confirm with . or Enter, or press ? or * to list all spells.
You blink.
You feel ready to blink again.
You are engulfed in freezing vapours.
* * * LOW HITPOINT WARNING * * *
Casting: Blink (safe; 13% risk of failure)
Confirm with . or Enter, or press ? or * to list all spells.
You cannot coerce anything to obey you.
Casting: Blink (safe; 13% risk of failure)
Confirm with . or Enter, or press ? or * to list all spells.
You blink.
You are engulfed in freezing vapours.
You die...

........##......##
.........'.......#
.........#.......#
.........#######.#
.........# #....####
.#.......# #.#######
.......#.####.##☼..##
.....##.......##☼#§##
#........#...†.#@#§##
......#..#.....#☼#§##
#.#......#.....#☼#§##
##.....#.####'##☼#§##
###.....## #.##☼#§##
.#.......# #.##☼#§##
.....(...#####.#§#.##
..............>#§#☼##
##..#...~.####.#§#☼##


There were no monsters in sight!

Vanquished Creatures
  Erica (D:9)
  Pikel (D:3)
  A rime drake (D:10)
  2 trolls
  Eustachio (D:5)
  2 steam dragons (D:9)
  Edmund (D:3)
  2 water moccasins (D:7)
  6 ice beasts
  7 orc warriors
  A black bear (D:3)
  An ogre (D:4)
  3 sky beasts
  A centaur (D:6)
  3 wolves (D:10)
  12 kobold brigands
  5 scorpions
  3 killer bees (D:10)
  4 howler monkeys
  3 hounds
  4 jellies
  7 orc priests
  A gnoll bouda (D:5)
  A sleepcap (D:4)
  Natasha (thrice) (D:3)
  An iguana (D:5)
  12 orc wizards
  Robin (D:4)
  7 gnolls
  17 adders
  A river rat (Sewer)
  2 ufetubi (D:5)
  A dart slug (D:3)
  37 orcs
  8 bats
  4 endoplasms
  A giant cockroach (D:5)
  5 hobgoblins
  7 jackals
  8 ball pythons
  10 frilled lizards
  16 goblins
  43 kobolds
  7 rats
264 creatures vanquished.

Vanquished Creatures (others)
  An orc (D:9)
1 creature vanquished.

Grand Total: 265 creatures vanquished

Notes
Turn   | Place    | Note
-------+----------+-------------------------------------------
     0 | D:1      | thirtiethelement the Demonspawn Enchanter began the quest
                  | for the Orb.
     0 | D:1      | Reached XP level 1. HP: 13/13 MP: 3/3
    53 | D:1      | Found Denouss's Book Shoppe.
    72 | D:1      | Found Xaczaveg's Distillery.
    92 | D:1      | Bought a potion of curing for 30 gold pieces
   602 | D:2      | Gained mutation: A meltable shield of frost defends you.
                  | (SH +4) [demonic ancestry]
   602 | D:2      | Reached XP level 2. HP: 18/19 MP: 5/5
   622 | D:2      | Identified the +1 robe of Dim Light {Rampage rF+ SInv}
   765 | D:2      | Reached skill level 3 in Stealth
  1133 | D:2      | Reached XP level 3. HP: 24/24 MP: 6/6
  1385 | D:3      | Learned a level 2 spell: Ensorcelled Hibernation
  1389 | D:3      | Learned a level 3 spell: Tukima's Dance
  1410 | D:3      | Reached skill level 1 in Short Blades
  1410 | D:3      | Gained mutation: You have a small tail. [demonic ancestry]
  1410 | D:3      | Reached XP level 4. HP: 25/30 MP: 7/7
  1507 | D:3      | Noticed Natasha
  1514 | D:3      | Killed Natasha
  1716 | D:3      | Noticed a black bear
  1720 | D:3      | Killed a black bear
  1721 | D:3      | Reached skill level 4 in Stealth
  1721 | D:3      | Reached XP level 5. HP: 36/36 MP: 8/8
  1862 | D:3      | Found a faded altar of an unknown god.
  1877 | D:3      | Prayed at the altar of an unknown god.
  1877 | D:3      | Became a worshipper of Warmaster Okawaru
  1877 | D:3      | Reached * piety under Okawaru
  1993 | D:3      | Noticed Natasha
  1997 | D:3      | Killed Natasha
  1998 | D:3      | Gained mutation: You have a tail ending in a sharp stinger.
                  | [demonic ancestry]
  1998 | D:3      | Reached XP level 6. HP: 42/42 MP: 9/9
  2162 | D:3      | Noticed Natasha
  2168 | D:3      | Killed Natasha
  2442 | D:4      | Reached skill level 1 in Fighting
  2442 | D:4      | Reached skill level 1 in Ice Magic
  2455 | D:4      | Noticed Pikel
  2456 | D:4      | Reached skill level 5 in Stealth
  2566 | D:3      | Killed Pikel
  2566 | D:3      | Reached ** piety under Okawaru
  2567 | D:3      | Reached XP level 7. HP: 26/49 MP: 12/12
  2680 | D:4      | Noticed Edmund
  2714 | D:3      | HP: 1/50 [Edmund/+4 dire flail of holy wrath (11)]
  2957 | D:3      | Killed Edmund
  2957 | D:3      | Reached *** piety under Okawaru
  2958 | D:3      | Reached XP level 8. HP: 37/56 MP: 13/13
  3088 | D:4      | Found a staircase to the Ecumenical Temple.
  3131 | D:4      | Reached skill level 5 in Hexes
  3204 | D:4      | Noticed Robin
  3222 | D:4      | Killed Robin
  3344 | D:4      | Reached skill level 6 in Stealth
  3344 | D:4      | Reached skill level 1 in Shields
  3621 | D:4      | Learned a level 2 spell: Blink
  3631 | D:5      | Entered Level 5 of the Dungeon
  3669 | D:5      | Found a glowing drain.
  3697 | D:5      | Identified the +0 war axe "Fuet" {spect, rN+ Int+4 Stlth+}
  3718 | Sewer    | Entered a sewer
  4325 | D:5      | Learned a level 3 spell: Confusing Touch
  4694 | D:5      | Noticed Eustachio
  4700 | D:5      | Killed Eustachio
  4791 | D:6      | Reached skill level 7 in Stealth
  4916 | D:6      | Reached XP level 9. HP: 58/63 MP: 15/15
  4955 | D:6      | Found Beell's Distillery.
  4962 | D:6      | Bought a potion of attraction for 33 gold pieces
  4962 | D:6      | Bought a potion of lignification for 33 gold pieces
  4962 | D:6      | Bought a potion of mutation for 88 gold pieces
  4962 | D:6      | Bought a potion of enlightenment for 55 gold pieces
  4962 | D:6      | Bought a potion of might for 44 gold pieces
  4962 | D:6      | Gained mutation: Your spells are a little harder to cast,
                  | but a little more powerful. [potion of mutation]
  4962 | D:6      | Gained mutation: You are weak. (Str -2) [potion of
                  | mutation]
  4963 | D:6      | Lost mutation: Your spells are a little harder to cast, but
                  | a little more powerful. [potion of mutation]
  4963 | D:6      | Lost mutation: You are weak. (Str -2) [potion of mutation]
  4963 | D:6      | Gained mutation: Your mind is acute. (Int +4, Str/Dex -1)
                  | [potion of mutation]
  4963 | D:6      | Gained mutation: You have a pair of small horns on your
                  | head. [potion of mutation]
  4963 | D:6      | Gained mutation: You passively map a small area around you.
                  | [potion of mutation]
  5186 | D:6      | Found a shadowy altar of Dithmenos.
  5263 | D:6      | Reached **** piety under Okawaru
  5899 | D:7      | Reached skill level 8 in Stealth
  6498 | D:8      | Found a flagged portal.
  6513 | D:8      | Reached ***** piety under Okawaru
  6597 | Bailey   | Entered a bailey
  6637 | Bailey   | Received a gift from Okawaru
  6853 | Bailey   | Found a burning altar of Makhleb.
  6867 | Bailey   | Identified the +3 chain mail of Xedigu {Int+3}
  7114 | D:8      | Reached XP level 10. HP: 70/70 MP: 17/17
  7292 | D:8      | Reached skill level 5 in Spellcasting
  7702 | D:9      | Noticed Erica
  7714 | D:8      | Reached skill level 5 in Short Blades
  8171 | D:9      | Killed Erica
  8172 | D:9      | Reached skill level 5 in Ice Magic
  8664 | D:9      | Reached skill level 9 in Stealth
  8912 | D:10     | Entered Level 10 of the Dungeon
  8920 | D:10     | Found a staircase to the Lair.
  9645 | D:10     | Engulfed by a cloud of freezing vapour

Illustrated notes

Levels and vault maps discovered:
D:1:      amcnicky_arrival_wind_blow, layout_rooms, serial_shops,
          nicolae_shop_industrial_runoff, nicolae_square_shop, serial_rivers,
          chequers_serial_rivers_small_a, chequers_serial_rivers_room_a,
          chequers_serial_rivers_micro_b, chequers_serial_rivers_small_3,
          chequers_serial_rivers_small_a
D:2:      minmay_alternating_diamond, layout_basic
D:3:      layout_loops_ring, dilly_ecumenical_altar_fadedgnrine, uniq_natasha
D:4:      layout_basic, minmay_temple_entry_junction_2, minmay_fountain_box,
          uniq_pikel, uniq_robin, uniq_edmund
D:5:      layout_basic, gup_sewer_entry_glass, uniq_eustachio
D:6:      layout_basic, nicolae_dithmenos_through_a_glass_darkly, serial_shops,
          shop
D:7:      layout_basic, grunt_tough_drop
D:8:      layout_loops_corners, enter_bailey_5
D:9:      layout_basic, uniq_erica
D:10:     lemuel_ice_spiral_2, layout_basic, hellmonk_lair_entry_icy,
          serial_shops, nicolae_shop_pleasant_corner_grove, minmay_misc_feat_chi

Skill      XL: |  1  2  3  4  5  6  7  8  9 10 |
---------------+-------------------------------+-----
Stealth        | 3 4 5 7 8 9 |  9.5
Short Blades   | 1 2 3 4 5 |  5.5
Dodging        | 2 3 4 |  4.4
Hexes          | 4 5 6 7 |  7.0
Fighting       | 1 2 3 |  3.9
Ice Magic      | 2 3 4 5 |  5.5
Spellcasting   | 3 4 5 |  5.8
Shields        | 1 2 |  2.1
Throwing       | |  0.7
Translocations | |  0.4

Action                     |  1- 3 |  4- 6 |  7- 9 | 10-12 || total
---------------------------+-------+-------+-------+-------++-------
  Melee: Dagger            |    76 |    98 |   286 |   173 ||   633
         Tailslap          |       |     6 |    38 |    19 ||    63
         Punch             |       |       |     3 |     2 ||     5
         Headbutt          |       |       |    17 |    21 ||    38
  Throw: Boomerang         |       |       |    10 |       ||    10
   Cast: Ensorcelled Hiber |     1 |    31 |    90 |    39 ||   161
         Confusing Touch   |       |       |     2 |     3 ||     5
         Blink             |       |       |       |     3 ||     3
    Use: Scroll            |       |    10 |    11 |     1 ||    22
         Potion            |       |       |     4 |     2 ||     6
   Stab: Sleeping          |    10 |    20 |    77 |    26 ||   133
         Confused          |       |       |     1 |     3 ||     4
         Distracted        |       |       |       |     1 ||     1
         Invisible         |       |       |       |     1 ||     1
 Armour: Robe              |    28 |    50 |   129 |   103 ||   310
  Dodge: Dodged            |    44 |    44 |   182 |    98 ||   368
  Block: Other             |     6 |    11 |    37 |    32 ||    86

Table legend: (Time is in decaauts)
 A = Elapsed time spent in this place.
 B = Non-inter-level travel time spent in this place.
 C = Inter-level travel time spent in this place.
 D = Time resting spent in this place.
 E = Time spent auto-exploring this place.
 F = Levels seen in this place.
 G = Mean time per level.
                   A        B        C        D        E       F      G
               +--------+--------+--------+--------+--------+-----+--------+
         Total |   9630 |   9423 |    207 |   1391 |   5414 |  12 |  802.5 |
       Dungeon |   9029 |   8822 |    207 |   1328 |   5308 |  10 |  902.9 |
         Sewer |    300 |    300 |      0 |      0 |     78 |   1 |  300.0 |
        Bailey |    301 |    301 |      0 |     63 |     28 |   1 |  301.0 |
               +--------+--------+--------+--------+--------+-----+--------+

Top non-repeatable levels by time:
     D:3: 1514 daAuts
     D:8: 1366 daAuts
     D:9: 955 daAuts
     D:5: 851 daAuts
     D:7: 847 daAuts
     D:4: 846 daAuts
     D:6: 804 daAuts
     D:2: 664 daAuts
     D:1: 589 daAuts
    D:10: 589 daAuts
  Bailey: 301 daAuts
   Sewer: 300 daAuts
